 Dungeon Crawl Stone Soup version 0.31.0-12-g77e489cdc1 (webtiles) character file.

Game seed: 2466918225667035347

1946 Gadfly the Insei (level 8, 0/59 (61) HPs)
             Began as a Demonspawn Monk on Feb 12, 2024.
             Was a Follower of Ru.
             Slain by a wight
             ... wielding a +5 trident
              (7 damage)
             ... on level 6 of the Dungeon.
             The game lasted 00:12:55 (6231 turns).

Gadfly the Insei (Demonspawn Monk)                  Turns: 6231, Time: 00:12:56

HP:   0/59 (61)     AC: 14    Str: 13    XL:     8   Next: 98%
MP:   8/8           EV: 14    Int: 12    God:    Ru [*.....]
Gold: 372           SH:  0    Dex: 15    Spells: 6/7 levels left

rFire   + .          .
                       - Unarmed
rCold   . . .        c - orb {light}
rNeg    . . .        u - +0 steam dragon scales
rPois   .            (no helmet)
rElec   .            f - scarf {shadows}
rCorr   .            g - +1 pair of gloves
SInv    .            d - +0 pair of boots
Will    .....        m - amulet of faith
Stlth   +            t - ring of protection from fire
HPRegen 0.29/turn    (no ring)
MPRegen 0.11/turn

%: faith
@: confused, ambrosia-drunk, glowing, lightly drained
A: thin metallic scales 1, icemail 1, no fire magic, no alchemy magic, no
summoning magic, condensation shield
a: Renounce Religion


You were on level 6 of the Dungeon.
You worshipped Ru.
Ru was aware of your devotion.
You visited 2 branches of the dungeon, and saw 7 of its levels.

You collected 372 gold pieces.

Inventory:

Hand Weapons
 b - a +3 dagger of venom
 j - a +0 falchion
Armour
 c - an orb of light (worn)
 d - a +0 pair of boots (worn)
 f - a scarf of shadows (worn)
 g - a +1 pair of gloves (worn)
 u - +0 steam dragon scales (worn)
Jewellery
 m - an amulet of faith (around neck)
 q - an amulet of the acrobat
 t - a ring of protection from fire (left hand)
Wands
 a - a wand of flame (21) (quivered)
 o - a wand of quicksilver (7)
 r - a wand of mindburst (16)
Scrolls
 i - 3 scrolls of identify
 n - a scroll of enchant weapon
 s - a scroll of revelation
Potions
 e - 2 potions of mutation
 h - a potion of heal wounds
 k - a potion of haste
 l - a potion of ambrosia


   Skills:
 * Level 4.8 Fighting
 * Level 4.9 Dodging
 * Level 6.0 Unarmed Combat
 + Level 5.5 Evocations
 * Level 4.6 Shapeshifting


You had 6 spell levels left.
You knew the following spells:

 Your Spells              Type           Power      Damage    Failure   Level
a - Apportation           Tloc           0%         N/A       32%         1

Your spell library contained the following spells:

 Spells                   Type           Power      Damage    Failure   Level
 Necrotise                Necr           0%         1d4       32%         1
 Sting                    Conj/Alch      Unusable   1d3       N/A         1
 Summon Small Mammal      Summ           Unusable   N/A       N/A         1

Dungeon Overview and Level Annotations

Branches:
Dungeon (6/15)             Temple (1/1) D:5

Altars:
Ashenzari
Cheibriados
Dithmenos
Fedhas
Gozag
Hepliaklqana
Makhleb
Nemelex Xobeh
Okawaru
Qazlal
Ru
Sif Muna
Trog
Vehumet
Wu Jian
Xom
Yredelemnul

Shops:
D:1 (   D:5 :


Innate Abilities, Weirdness & Mutations

You are partially covered in thin metallic scales. (AC +2)
A meltable icy envelope protects you from harm. (AC +4)
You cannot study or cast Fire magic.
You cannot study or cast Alchemy magic.
You cannot study or cast Summoning magic.
A meltable shield of frost defends you. (SH +4)


Message History

You hit the ufetubus.
The ufetubus is heavily wounded.
The ufetubus barely misses you. x2
The ufetubus hits you but does no damage.
The ufetubus barely misses you. The wight closely misses you.
Okay, then.
Okay, then.
You barely miss the ufetubus.
The ufetubus is heavily wounded.
The ufetubus barely misses you. The ufetubus completely misses you.
The wight barely misses you.
You completely miss the ufetubus.
The ufetubus is heavily wounded.
The ufetubus hits you.
* * * LOW HITPOINT WARNING * * *
The ufetubus hits you but does no damage.
You punch the ufetubus!
You kill the ufetubus!
The wight barely misses you. The wight closely misses you.
The wight attacks as it pursues you! The wight barely misses you.
You barely miss the wight.
The wight is heavily damaged.
You hit the wight.
The wight is severely damaged.
The wight closely misses you.
You hit the wight.
You destroy the wight!
You hit the wight.
The wight is lightly damaged.
The wight hits you with a +2 great sword!
* * * LOW HITPOINT WARNING * * *
The wight closely misses you.
You are confused.
You feel invigorated.
The wight hits you with a +2 great sword!
* * * LOW HITPOINT WARNING * * *
You feel drained.
The wight hits you from afar with a +5 trident!
You die...

#.#####
#####.z...#
.......##.#
######z##.#######
#...........
####.####### #z#
#z# #@### #...#
###.# #.# #.# #.#
####### ##.##
......# ##...###.
..[...#
#........#


You could see 2 wights.

Vanquished Creatures
  Sigmund (D:4)
  Eustachio (D:4)
  A steam dragon (D:6)
  A water moccasin (D:5)
  2 black bears
  2 ogres
  3 gnoll sergeants
  3 wights (D:6)
  5 hounds (D:5)
  2 jellies
  2 orc priests
  A sleepcap (D:4)
  An iguana (D:5)
  17 gnolls
  7 adders
  A shadow imp (D:5)
  4 ufetubi (D:6)
  4 dart slugs
  A ribbon worm (D:2)
  18 orcs
  4 bats
  7 endoplasms
  2 giant cockroaches
  9 goblins
  6 hobgoblins
  8 jackals
  5 quokkas
  8 ball pythons
  7 frilled lizards
  9 kobolds
  5 rats
147 creatures vanquished.

Notes
Turn   | Place    | Note
-------+----------+-------------------------------------------
     0 | D:1      | Gadfly the Demonspawn Monk began the quest for the Orb.
     0 | D:1      | Reached XP level 1. HP: 18/18 MP: 1/1
    44 | D:1      | Found a faded altar of an unknown god.
   164 | D:1      | Gained mutation: You are partially covered in thin metallic
                  | scales. (AC +2) [demonic ancestry]
   164 | D:1      | Reached XP level 2. HP: 23/24 MP: 2/2
   260 | D:1      | Reached skill level 1 in Evocations
   263 | D:1      | Reached skill level 3 in Unarmed Combat
   356 | D:1      | Reached skill level 1 in Shapeshifting
   360 | D:1      | Gained mutation: A meltable shield of frost defends you.
                  | (SH +4) [demonic ancestry]
   360 | D:1      | Reached XP level 3. HP: 23/29 MP: 3/3
   756 | D:1      | Found Ilibbin's Weapon Emporium.
  1256 | D:2      | Reached XP level 4. HP: 15/35 MP: 4/4
  1779 | D:2      | Learned a level 1 spell: Apportation
  1854 | D:3      | Noticed a black bear
  1974 | D:3      | Reached XP level 5. HP: 36/41 MP: 5/5
  2004 | D:2      | Killed a black bear
  2194 | D:3      | Found a blossoming altar of Fedhas.
  2194 | D:3      | Found a hazy altar of Hepliaklqana.
  2271 | D:3      | Found a sacrificial altar of Ru.
  2278 | D:3      | Became a worshipper of Ru the Awakened
  2289 | D:3      | Gained mutation: You cannot study or cast Fire magic. [Ru
                  | sacrifice]
  2289 | D:3      | Gained mutation: You cannot study or cast Alchemy magic.
                  | [Ru sacrifice]
  2289 | D:3      | Gained mutation: You cannot study or cast Summoning magic.
                  | [Ru sacrifice]
  2289 | D:3      | Reached * piety under Ru
  2332 | D:3      | Reached XP level 6. HP: 46/47 MP: 6/6
  2664 | D:3      | Reached skill level 4 in Unarmed Combat
  2818 | D:3      | Found a sparkling altar of Nemelex Xobeh.
  2822 | D:3      | Found a radiant altar of Vehumet.
  2822 | D:3      | Found a stormy altar of Qazlal.
  2943 | D:4      | HP: 1/47 [ogre/+0 giant club (21)]
  3023 | D:4      | Noticed Sigmund
  3037 | D:4      | Killed Sigmund
  3038 | D:4      | Reached XP level 7. HP: 40/52 MP: 7/7
  3444 | D:4      | Identified the +6 trident of Weyceirgh {heavy, Int+7}
  3686 | D:4      | Noticed Eustachio
  3702 | D:4      | Killed Eustachio
  4026 | D:5      | Entered Level 5 of the Dungeon
  4142 | D:5      | Found Imick's Book Boutique.
  4227 | D:5      | Reached skill level 5 in Unarmed Combat
  4247 | D:5      | Gained mutation: A meltable icy envelope protects you from
                  | harm. (AC +4) [demonic ancestry]
  4247 | D:5      | Reached XP level 8. HP: 54/60 MP: 8/8
  4283 | D:5      | Found a staircase to the Ecumenical Temple.
  4292 | Temple   | Entered the Ecumenical Temple
  5608 | D:6      | Reached skill level 5 in Evocations
  6209 | D:6      | Reached skill level 6 in Unarmed Combat
  6231 | D:6      | Slain by a wight

Illustrated notes

Levels and vault maps discovered:
D:1:      dpeg_arrival_rooms_c, layout_basic,
          dreamdust_ecumenical_altar_hidden_monk_grotto, serial_shops, shop,
          minmay_tall_x
D:2:      layout_loops_ring, minmay_diced_spiral
D:3:      layout_loops_ring, grunt_temple_overflow_open, minitemple,
          minmay_fractal_squares_5
D:4:      layout_basic, uniq_sigmund, uniq_eustachio
D:5:      layout_basic, minmay_temple_entry_junction, serial_shops, shop
D:6:      layout_loops_ring, nicolae_overflow_two_pavilions
Temple:   nicolae_temple_figure_eight

Skill      XL: |  1  2  3  4  5  6  7  8 |
---------------+-------------------------+-----
Evocations     | 1 2 3 4 5 |  5.5
Unarmed Combat | 3 4 5 6 |  6.0
Shapeshifting  | 1 2 3 4 |  4.6
Dodging        | 3 4 |  4.9
Fighting       | 4 |  4.8

Action                     |  1- 3 |  4- 6 |  7- 9 || total
---------------------------+-------+-------+-------++-------
  Melee: Unarmed           |   138 |   157 |    28 ||   323
         Dagger            |       |    46 |   248 ||   294
 Invoke: Sacrifice Arcana  |       |     1 |       ||     1
         Reject Sacrifices |       |       |     1 ||     1
    Use: Scroll            |     2 |     8 |     5 ||    15
         Potion            |       |     4 |     1 ||     5
 Armour: Robe              |    62 |   133 |   174 ||   369
         Steam dragon scal |       |       |    31 ||    31
  Dodge: Dodged            |    81 |   154 |   259 ||   494
